 Dungeon Crawl Stone Soup version 0.27-a0-1202-ge72e49191c (webtiles) character file.

Game seed: 9559473369467320993

9275 Ekaitz the Thaumaturge (level 11, -7/64 HPs)
             Began as a Deep Elf Earth Elementalist on June 4, 2021.
             Was an Elder of Vehumet.
             Mangled by a boulder beetle (52 damage)
             ... on level 11 of the Dungeon.
             The game lasted 00:45:26 (12520 turns).

Ekaitz the Thaumaturge (DEEE)                      Turns: 12520, Time: 00:45:27

Health: -7/64      AC:  9    Str:  3 (6)  XL:     11   Next: 20%
Magic:  18/27      EV: 18    Int: 24 (25) God:    Vehumet [****..]
Gold:   423        SH:  0    Dex: 16 (19) Spells: 3/30 levels left

rFire    . . .     SeeInvis .   Q - +0 rapier (venom)
rCold    . . .     Faith    .   (no shield)
rNeg     + . .     Spirit   .   P - +0 troll leather armour
rPois    +         Reflect  .   X - +0 helmet
rElec    .         Harm     .   F - +0 cloak
rCorr    .         Rampage  .   l - +2 pair of gloves {Dex+3}
Will     +....                  (no boots)
Stlth    +++.......             U - amulet "Listreco" {rN+ Regen+ Int+3}
HPRegen  2.20/turn              d - +4 ring of evasion
MPRegen  0.20/turn              J - ring of poison resistance

@: no status effects
A: no striking features
a: Renounce Religion


You were on level 11 of the Dungeon.
You worshipped Vehumet.
Vehumet was greatly pleased with you.
You visited 2 branches of the dungeon, and saw 12 of its levels.
You also visited: Ossuary.

You collected 537 gold pieces.
You spent 114 gold pieces at shops.

Inventory:

Hand Weapons
 G - a +2 quarterstaff of chaos
 H - a +0 shortbow
 I - a +2 spear of freezing
 Q - a +0 rapier of venom (weapon)
 R - a +6 demon blade of pain
 V - a +2 vorpal glaive
Missiles
 b - 325 stones
 p - 3 curare-tipped darts
 y - 234 arrows
Armour
 l - a +2 pair of gloves of dexterity (worn)
 v - a +2 ring mail of positive energy
 C - +0 steam dragon scales
 F - a +0 cloak (worn)
 K - a +0 robe of cold resistance
 P - a +0 troll leather armour (worn)
 X - a +0 helmet (worn)
Magical Staves
 N - a staff of death
Jewellery
 d - a +4 ring of evasion (left hand)
 o - an amulet of reflection
 r - a ring of willpower
 J - a ring of poison resistance (right hand)
 U - the amulet "Listreco" (around neck) {rN+ Regen+ Int+3}
   (You found it on level 7 of the Dungeon)

   [amulet of regeneration]

   It affects your intelligence (+3).
   It protects you from negative energy.
   It increases your rate of health regeneration.
 Y - a ring of flight
 Z - the ring of Recklessness {rC+ Str+6 Int+5 Dex-5}
   (You found it on level 10 of the Dungeon)

   [ring of strength]

   It affects your strength (+6).
   It affects your intelligence (+5).
   It affects your dexterity (-5).
   It protects you from cold.
Wands
 c - a wand of paralysis (30)
 k - a wand of mindburst (12)
Scrolls
 a - a scroll of identify
 m - a scroll of acquirement {unknown}
 n - 5 scrolls of magic mapping
 q - a scroll of torment {unknown}
 s - a scroll of blinking {unknown}
 t - a scroll of fear {unknown}
 w - 8 scrolls of teleportation
 x - a scroll of fog {unknown}
 B - 4 scrolls of enchant weapon {unknown}
 E - a scroll of vulnerability {unknown}
 W - a scroll of immolation {unknown}
Potions
 e - 2 potions of brilliance
 g - 2 potions of attraction
 h - 5 potions of haste {unknown}
 i - a potion of lignification
 j - 7 potions of curing {unknown}
 u - a potion of ambrosia
 z - 2 potions of invisibility
 A - 4 potions of heal wounds
 D - a potion of mutation
 L - a potion of might
 M - 2 potions of cancellation
 O - a potion of berserk rage
Miscellaneous
 S - a phantom mirror
 T - a condenser vane


   Skills:
 * Level 5.5 Fighting
 + Level 4.4 Short Blades
 + Level 1.4 Armour
 * Level 8.4 Dodging
 + Level 5.4 Stealth
 + Level 10.0 Spellcasting
 + Level 6.1 Conjurations
 + Level 1.3 Transmutations
 * Level 2.3 Fire Magic
 + Level 2.7 Air Magic
 * Level 9.3 Earth Magic
 * Level 3.4 Poison Magic


You had 3 spell levels left.
You knew the following spells:

 Your Spells              Type           Power      Damage    Failure   Level
a - Sandblast             Erth           100%       2d20      1%          1
b - Passwall              Tmut/Erth      30%        N/A       1%          2
c - Stone Arrow           Conj/Erth      98%        3d13      1%          3
d - Petrify               Tmut/Erth      37%        N/A       11%         4
e - Lee's Rapid Deconstr  Erth           27%        3d15*     1%          5
f - Iron Shot             Conj/Erth      24%        9d5       17%         6
v - Poisonous Vapours     Pois/Air       54%        N/A       1%          2
z - Shock                 Conj/Air       100%       1d9       1%          1
I - Ignite Poison         Fire/Tmut/Pois 23%        N/A       3%          3

Your spell library contained the following spells:

 Spells                   Type           Power      Damage    Failure   Level
 Sticky Flame             Conj/Fire      32%        2d5       4%          4
 Conjure Flame            Conj/Fire      32%        6-21      1%          3
 Mephitic Cloud           Conj/Pois/Air  31%        N/A       1%          3
 Beastly Appendage        Tmut           36%        N/A       6%          1
 Wereblood                Tmut           18%        N/A       9%          2
 Frozen Ramparts          Ice            24%        1d4       9%          3
 Spider Form              Tmut/Pois      11%        N/A       12%         3
 Iskenderun's Battlesphe  Conj           41%        2d9       6%          5
 Bolt of Magma            Conj/Fire/Erth 20%        4d10      7%          5
 Ice Form                 Ice/Tmut       15%        N/A       58%         4
 Summon Ice Beast         Ice/Summ       12%        N/A       69%         4
 Freezing Cloud           Conj/Ice/Air   13%        6-21      71%         6
 Orb of Destruction       Conj           20%        9d9       82%         7
 Hydra Form               Tmut           9%         N/A       85%         5
 Agony                    Necr           12%        N/A       95%         5
 Spellforged Servitor     Conj/Summ      13%        N/A       99%         7


Dungeon Overview and Level Annotations

Branches:
Dungeon (11/15)            Temple (1/1) D:5            Lair (0/6) D:11
    Orc (0/2) D:9         Ossuary (visited)

Altars:
Cheibriados
Elyvilon
Fedhas
Gozag
Hepliaklqana
Kikubaaqudgha
Nemelex Xobeh
Ru
Trog
Uskayaw
Vehumet
Wu Jian
Xom
Yredelemnul
The Shining One

Shops:
D:9 =   D:10 ?


Message History

The boulder beetle hits you!!!
Ouch! That really hurt!
The boulder beetle stops rolling and uncurls.
Unknown command.
Casting: Ignite Poison (dangerous; 3% risk of failure)
Confirm with . or Enter, or press ? or * to list all spells.
Aiming: Poisonous Vapours (safe; 1% risk of failure)
Press: ? - help, Dir - move target, f - boulder beetle
Aim: a boulder beetle Poisonous vapours surround the boulder beetle!
The boulder beetle is engulfed in poison gas.
The boulder beetle is poisoned.
The boulder beetle closely misses you.
Unknown command.
Casting: Poisonous Vapours (safe; 1% risk of failure)
Confirm with . or Enter, or press ? or * to list all spells.
Aiming: Poisonous Vapours (safe; 1% risk of failure)
Press: ? - help, Dir - move target, f/p - boulder beetle
Aim: a boulder beetle (poisoned) Poisonous vapours surround the boulder beetle!
The boulder beetle is engulfed in poison gas.
The boulder beetle looks even sicker.
The boulder beetle leaps!
Unknown command.
Casting: Poisonous Vapours (safe; 1% risk of failure)
Confirm with . or Enter, or press ? or * to list all spells.
You ignite the poison in your surroundings!
The boulder beetle seems to burn from within!!!
The boulder beetle is severely wounded.
Unknown command.
Casting: Ignite Poison (dangerous; 3% risk of failure)
Confirm with . or Enter, or press ? or * to list all spells.
Aiming: Stone Arrow (safe; 1% risk of failure)
Press: ? - help, Shift-Dir - straight line, f/p - boulder beetle
Aim: a boulder beetle (heavily wounded, 100% to hit)
The stone arrow hits the boulder beetle!
The boulder beetle is severely wounded.
Unknown command.
The boulder beetle curls into a ball and begins rolling!
The boulder beetle hits you!!!
Ouch! That really hurt!
You die...

#.# .#
###.##################..##
...................°......
................°°.......
#.... ........○B(........
#..# ######.○#########.#
##..#########..B@....... #
........................
....#######.............
#...# #..########### #...#
#..# .....^ ....# .......
...... ############..#
#..#


You could see a boulder beetle (rolling).

Vanquished Creatures
  A two-headed ogre (D:9)
  A deep elf pyromancer (D:7)
  A cyclops (D:7)
  A gargoyle (D:7)
  An unseen horror (D:11)
  A kobold demonologist (D:7)
  3 trolls
  A slime creature (D:7)
  2 humans (D:9)
  A vampire (D:9)
  2 steam dragons
  Menkaure (D:4)
  2 acid dragons
  2 ice beasts (D:7)
  5 orc warriors
  A black bear (D:7)
  A necrophage (D:6)
  4 ogres
  6 centaurs
  2 kobold brigands
  12 scorpions
  A bullfrog (D:6)
  A wyvern skeleton (D:7)
  A hornet simulacrum (D:10)
  2 howler monkeys (D:9)
  12 wights
  3 vampire bats (D:8)
  9 centaur zombies
  2 human zombies (Ossuary)
  A jelly (D:4)
  Crazy Yiuf (D:6)
  A hound (D:4)
  3 gnoll shamans
  7 orc priests
  2 centaur skeletons (D:7)
  5 scorpion zombies (Ossuary)
  3 iguanas
  7 orc wizards
  2 killer bee zombies
  A hound skeleton (D:4)
  3 mummies (Ossuary)
  2 howler monkey zombies
  A howler monkey skeleton (D:5)
  5 adders
  16 gnolls
  A white imp (D:6)
  An ufetubus (D:6)
  An adder skeleton (D:4)
  A worm (D:5)
  6 dart slugs
  29 orcs
  A bat skeleton (D:8)
  3 bat zombies (D:8)
  2 endoplasms
  5 giant cockroaches
  7 goblins
  6 hobgoblins
  4 jackals (D:2)
  6 quokkas
  6 ball pythons
  5 bats
  2 frilled lizards
  2 gnoll zombies (Ossuary)
  2 hobgoblin zombies (Ossuary)
  6 kobolds
  A kobold zombie (Ossuary)
  5 rats
244 creatures vanquished.

Vanquished Creatures (others)
  A scorpion (Ossuary)
  An orc zombie (Ossuary)
2 creatures vanquished.

Grand Total: 246 creatures vanquished

Notes
Turn   | Place    | Note
-------+----------+-------------------------------------------
     0 | D:1      | Ekaitz the Deep Elf Earth Elementalist began the quest for
                  | the Orb.
     0 | D:1      | Reached XP level 1. HP: 10/10 MP: 6/6
   691 | D:1      | Reached XP level 2. HP: 16/16 MP: 6/8
   694 | D:1      | Learned a level 2 spell: Passwall
  1321 | D:2      | Reached XP level 3. HP: 18/20 MP: 3/10
  1427 | D:2      | Learned a level 3 spell: Stone Arrow
  1544 | D:2      | Reached skill level 1 in Fighting
  1999 | D:2      | Found a faded altar of an unknown god.
  2140 | D:2      | Reached skill level 1 in Short Blades
  2140 | D:2      | Reached XP level 4. HP: 25/25 MP: 6/11
  2145 | D:2      | Learned a level 4 spell: Petrify
  2631 | D:3      | Found an opulent altar of Gozag.
  2802 | D:3      | Reached skill level 1 in Conjurations
  2998 | D:4      | Reached XP level 5. HP: 29/29 MP: 4/12
  3062 | D:4      | Found a bloodstained altar of Trog.
  3248 | D:4      | Reached skill level 4 in Spellcasting
  3837 | D:4      | Reached XP level 6. HP: 30/35 MP: 5/14
  4622 | D:4      | Noticed Menkaure
  4633 | D:4      | Killed Menkaure
  4634 | D:4      | Reached skill level 5 in Spellcasting
  4634 | D:4      | Reached XP level 7. HP: 19/40 MP: 7/17
  4641 | D:4      | Learned a level 5 spell: Lee's Rapid Deconstruction
  5304 | D:5      | Entered Level 5 of the Dungeon
  5314 | D:5      | Reached skill level 5 in Earth Magic
  5365 | D:5      | Found a staircase to the Ecumenical Temple.
  5370 | Temple   | Entered the Ecumenical Temple
  5403 | Temple   | Became a worshipper of Vehumet
  5497 | D:5      | Reached skill level 6 in Spellcasting
  5537 | D:5      | Found a sand-covered staircase.
  5563 | Ossuary  | Entered an ossuary
  6070 | Ossuary  | Reached XP level 8. HP: 32/45 MP: 12/19
  6186 | Ossuary  | Reached * piety under Vehumet
  6186 | Ossuary  | Offered knowledge of Shock by Vehumet.
  6191 | Ossuary  | Learned a level 1 spell: Shock
  6461 | Ossuary  | Reached skill level 5 in Dodging
  6517 | Ossuary  | Reached skill level 7 in Spellcasting
  6659 | Ossuary  | Reached skill level 1 in Air Magic
  7341 | D:5      | Found a glowing golden altar of the Shining One.
  7341 | D:5      | Found a hide-covered altar of Uskayaw.
  7629 | D:6      | Found a runed translucent door.
  7630 | D:6      | Noticed Crazy Yiuf
  7637 | D:6      | Killed Crazy Yiuf
  7675 | D:6      | Reached XP level 9. HP: 50/52 MP: 9/22
  8011 | D:6      | Found a hazy altar of Hepliaklqana.
  8108 | D:7      | Reached skill level 8 in Spellcasting
  8567 | D:7      | Offered knowledge of Poisonous Vapours by Vehumet.
  8596 | D:7      | Reached ** piety under Vehumet
  8784 | D:7      | Found a sacrificial altar of Ru.
  8892 | D:7      | Reached skill level 5 in Conjurations
  9459 | D:7      | Found a runed translucent door.
  9460 | D:7      | Noticed a troll
  9462 | D:7      | Found a runed translucent door.
  9489 | D:7      | Noticed a troll
  9489 | D:7      | Noticed a kobold demonologist
  9490 | D:7      | Noticed a gargoyle
  9492 | D:7      | Killed a cyclops
  9492 | D:7      | Killed a kobold demonologist
  9492 | D:7      | Killed a deep elf pyromancer
  9492 | D:7      | Killed a troll
  9493 | D:7      | Reached skill level 5 in Fighting
  9493 | D:7      | Reached skill level 5 in Stealth
  9493 | D:7      | Reached skill level 9 in Spellcasting
  9493 | D:7      | Reached XP level 10. HP: 59/59 MP: 21/25
  9494 | D:7      | Killed a gargoyle
  9514 | D:7      | Identified the Handbook of Snow and Stolen Souls
  9518 | D:7      | Identified the amulet "Listreco" {rN+ Regen+ Int+3}
 10060 | D:8      | Offered knowledge of Ignite Poison by Vehumet.
 10069 | D:8      | Learned a level 3 spell: Ignite Poison
 10109 | D:8      | Reached skill level 1 in Poison Magic
 10242 | D:8      | Found an ancient bone altar of Kikubaaqudgha.
 10404 | D:8      | Reached *** piety under Vehumet
 10590 | D:8      | Offered knowledge of Sticky Flame by Vehumet.
 10856 | D:9      | Reached skill level 1 in Armour
 10867 | D:9      | Reached skill level 1 in Fire Magic
 10957 | D:9      | Found a staircase to the Orcish Mines.
 11099 | D:9      | Noticed a two-headed ogre
 11114 | D:9      | Killed a two-headed ogre
 11115 | D:9      | Reached XP level 11. HP: 64/64 MP: 19/26
 11188 | D:9      | Found a blossoming altar of Fedhas.
 11333 | D:9      | Found Joefipp's Jewellery Emporium.
 11385 | D:9      | Found a white marble altar of Elyvilon.
 11675 | D:10     | Entered Level 10 of the Dungeon
 11675 | D:10     | Found an ornate altar of the Wu Jian Council.
 11862 | D:10     | Identified the ring of Recklessness {rC+ Str+6 Int+5 Dex-5}
 11878 | D:10     | Reached skill level 10 in Spellcasting
 11887 | D:10     | Learned a level 6 spell: Iron Shot
 11928 | D:10     | Found Wicwaqul's Magic Scroll Shoppe.
 11931 | D:10     | Bought a scroll of noise for 12 gold pieces
 11931 | D:10     | Bought a scroll of identify for 24 gold pieces
 11931 | D:10     | Bought a scroll of teleportation for 36 gold pieces
 11931 | D:10     | Bought a scroll of magic mapping for 42 gold pieces
 12010 | D:10     | Reached **** piety under Vehumet
 12371 | D:10     | Found a sparkling altar of Nemelex Xobeh.
 12428 | D:11     | Found a staircase to the Lair.
 12476 | D:11     | Learned a level 2 spell: Poisonous Vapours
 12507 | D:11     | Noticed a boulder beetle
 12520 | D:11     | Mangled by a boulder beetle

Illustrated notes

Levels and vault maps discovered:
D:1:      shiori_arrival_oz, layout_basic, minmay_pentomino_p4
D:2:      layout_rooms, shapermc_ecumenical_altar_mp_vishouse
D:3:      layout_loops_cross, grunt_gozag_breadcrumbs
D:4:      layout_layer_cave, nicolae_overflow_crystal_walls, uniq_menkaure
D:5:      layout_rooms, gammafunk_temple_overflow_elements,
          minmay_temple_entry_nine_rooms, enter_ossuary_2
D:6:      layout_gridville, nicolae_hepliaklqana_hippocampus,
          supply_closet_lemuel, uniq_crazy_yiuf_cottage
D:7:      minmay_the_grid_triangle_9x9_rhombus_thin
          [minmay_the_grid_triangle_9x9_tough_junction,
          minmay_the_grid_triangle_9x9_prize_center,
          minmay_the_grid_triangle_9x9_from_above,
          minmay_the_grid_triangle_9x9_zippers_vertical], layout_gridville,
          nicolae_ru_awakened_eye, st_stairs_6
D:8:      layout_loops_cross, kennysheep_vampire_church
D:9:      layout_long_grid, fedhas_altar_fruit_tree, overflow_temple_1_default,
          david_orc_4, serial_shops, nicolae_shop_stone, serial_park_tiny_pond,
          kennysheep_cluttered_room, minmay_misc_feat_alley, minmay_ruffians
D:10:     layout_rooms, lemuel_crystal_altar, nemelex_diamond_rough_becter,
          serial_shops, kennysheep_mini_moat
D:11:     layout_long_grid, lair_entry_dummy, portal_ice_cave_entry_ice_beasts,
          nicolae_trove_entry_crystal
Temple:   jpeg_temple_clearing

Skill      XL: |  1  2  3  4  5  6  7  8  9 10 11 |
---------------+----------------------------------+-----
Fighting       | 1 2 3 5 |  5.5
Dodging        | 3 4 5 6 8 |  8.4
Short Blades   | 1 2 3 4 |  4.4
Conjurations   | 1 2 3 5 6 |  6.1
Stealth        | 3 4 5 |  5.4
Spellcasting   | 4 5 6 7 9 10 | 10.0
Earth Magic    | 4 5 6 8 9 |  9.3
Air Magic      | 1 2 |  2.7
Poison Magic   | 3 |  3.4
Armour         | 1 |  1.4
Fire Magic     | 1 2 |  2.3
Transmutations | |  1.3

Action                   |  1- 3 |  4- 6 |  7- 9 | 10-12 || total
-------------------------+-------+-------+-------+-------++-------
Melee: Short sword       |    86 |    85 |    57 |       ||   228
       Rapier            |       |       |    10 |   187 ||   197
 Cast: Sandblast         |    16 |    20 |    35 |     1 ||    72
       Passwall          |     3 |       |       |       ||     3
       Stone Arrow       |     4 |    22 |    83 |    27 ||   136
       Shock             |       |       |   103 |       ||   103
       Lee's Rapid Decon |       |       |     3 |    10 ||    13
       Ignite Poison     |       |       |       |     9 ||     9
       Petrify           |       |       |       |     1 ||     1
       Poisonous Vapours |       |       |       |     2 ||     2
  Use: Scroll            |       |     2 |       |     9 ||    11
       Potion            |       |       |     1 |     2 ||     3
 Stab: Sleeping          |     8 |     9 |     6 |     3 ||    26
       Petrified         |       |       |       |     5 ||     5
Armor: Robe              |    28 |    24 |    26 |       ||    78
       Skin              |       |       |    10 |       ||    10
       Troll leather arm |       |       |       |    94 ||    94
Dodge: Dodged            |    59 |    73 |    84 |   325 ||   541

Table legend: (Time is in decaauts)
 A = Elapsed time spent in this place.
 B = Non-inter-level travel time spent in this place.
 C = Inter-level travel time spent in this place.
 D = Time resting spent in this place.
 E = Time spent auto-exploring this place.
 F = Levels seen in this place.
 G = Mean time per level.
                   A        B        C        D        E       F      G
               +--------+--------+--------+--------+--------+-----+--------+
         Total |  12528 |  12211 |    317 |   1951 |   7847 |  13 |  963.7 |
       Dungeon |  11047 |  10739 |    308 |   1171 |   7573 |  11 | 1004.3 |
        Temple |     42 |     33 |      9 |      0 |      0 |   1 |   42.0 |
       Ossuary |   1438 |   1438 |      0 |    780 |    274 |   1 | 1438.0 |
               +--------+--------+--------+--------+--------+-----+--------+

Top non-repeatable levels by time:
     D:4: 2318 daAuts
     D:7: 1769 daAuts
 Ossuary: 1438 daAuts
     D:1: 1287 daAuts
     D:8: 952 daAuts
     D:2: 907 daAuts
     D:9: 846 daAuts
     D:3: 804 daAuts
    D:10: 747 daAuts
     D:6: 678 daAuts
     D:5: 639 daAuts
    D:11: 95 daAuts
  Temple: 42 daAuts
